 Dungeon Crawl Stone Soup version 0.27.0-1-g7a089689b8 (webtiles) character file.

Game seed: 12184708265443039252

382 Malachi the Sneak (level 6, -5/37 HPs)
             Began as a Vampire Monk on Aug 13, 2021.
             Was a Priest of Fedhas.
             Slain by a killer bee zombie (6 damage)
             ... on level 5 of the Dungeon.
             The game lasted 00:04:52 (5342 turns).

Malachi the Sneak (Vampire Monk)                    Turns: 5342, Time: 00:04:53

Health: -5/37      AC:  3    Str: 10    XL:     6   Next: 47%
Magic:  6/6        EV: 13    Int: 12    God:    Fedhas [***...]
Gold:   164        SH:  0    Dex: 19    Spells: 5/5 levels left

rFire    . . .     SeeInvis +     - Unarmed
rCold    + + .     Faith    .   (no shield)
rNeg     + + +     Spirit   .   j - +0 leather armour
rPois    ∞         Reflect  .   (no helmet)
rElec    .         Harm     .   (no cloak)
rCorr    .         Rampage  .   (no gloves)
Will     .....                  (no boots)
Stlth    +++++.....             (no amulet)
HPRegen  0.00/turn              (no ring)
MPRegen  0.10/turn              (no ring)

@: bloodless, inhibited regen
A: bloodless, fangs 3, see invisible, vampiric 2
a: Bat Form, Revivify, Renounce Religion, Wall of Briars, Grow Ballistomycete


You were on level 5 of the Dungeon.
You worshipped Fedhas.
Fedhas was most pleased with you.
You visited 1 branch of the dungeon, and saw 5 of its levels.

You collected 164 gold pieces.

Inventory:

Armour
 a - a +0 robe
 j - a +0 leather armour (worn)
Jewellery
 d - a ring of ice
 h - a ring of resist corrosion
 k - a ring of magical power
Scrolls
 f - a scroll of identify
 g - a scroll of vulnerability
 i - a scroll of summoning {unknown}
 l - a scroll of noise {unknown}
Potions
 b - 3 potions of curing
 c - a potion of attraction {unknown}


   Skills:
 + Level 3.3 Fighting
 + Level 1.6 Armour
 + Level 4.0 Dodging
 + Level 6.0 Stealth
 + Level 5.8 Unarmed Combat


You had 5 spell levels left.
You didn't know any spells.
Your spell library was empty.

Dungeon Overview and Level Annotations

Branches:
Dungeon (5/15)
 Temple: D:4-7

Altars:
Fedhas
Trog
Wu Jian
Xom

Shops:
D:3 [


Innate Abilities, Weirdness & Mutations

You do not regenerate when monsters are visible.
You are frail without blood (-20% HP).
You can heal yourself when you bite living creatures.
You are immune to poison.
You have razor-sharp teeth.
You have supernaturally acute eyesight. (SInv)
You are afflicted with vampirism and can become a bat while bloodless.


Message History

You are too injured to fight recklessly!
You are too injured to fight recklessly!
Okay, then.
You aren't carrying any items that you can evoke.
Unknown command.
You feel much better. The ogre closely misses you.
You barely miss the ogre. You bite the ogre.
You draw the ogre's blood!
The ogre is lightly wounded.
A killer bee zombie comes into view.
The ogre closely misses you.
Your leather armour prevents you from hitting the ogre.
The ogre is lightly wounded.
You closely miss the ogre.
The ogre is lightly wounded.
The ogre hits you with a +0 giant club!
You hit the ogre.
The ogre is lightly wounded.
The ogre closely misses you.
You punch the ogre!
The ogre is heavily wounded.
You hit the ogre but do no damage.
The ogre is heavily wounded.
The ogre misses you.
The killer bee zombie closely misses you.
You hit the ogre.
The ogre is severely wounded.
The killer bee zombie hits you. The ogre hits you with a +0 giant club!
* * * LOW HITPOINT WARNING * * *
You hit the ogre.
The ogre is almost dead.
The killer bee zombie hits you but does no damage.
The killer bee zombie misses you.
You hit the ogre.
You kill the ogre!
Fedhas appreciates your contribution to the ecosystem.
The killer bee zombie hits you.
* * * LOW HITPOINT WARNING * * *
The killer bee zombie hits you.
You die...
Fedhas appreciates your contribution to the ecosystem.

#......)##..#.# #
#...........#.# # #
#.##.##.###.#.###
###.####>##.##.# #....##
O$..........##.###..#...
###..............##...##
##.###.##..............
#....Z.##.....÷.....###
#....)@##...........#
#.####.##.......###.# #
#.##.......# .#
#.......(..# .#
##.......### .# ......#
...### ###


You could see a killer bee zombie.

Vanquished Creatures
  2 ogres (D:5)
  A howler monkey (D:5)
  2 hounds (D:5)
  Jessica (D:2)
  5 adders (D:2)
  3 gnolls (D:2)
  A white imp (D:4)
  3 worms
  3 dart slugs
  An orc (D:5)
  6 ball pythons
  6 endoplasms
  3 giant cockroaches
  4 goblins
  6 hobgoblins
  5 jackals (D:2)
  2 quokkas
  6 bats
  3 frilled lizards
  8 kobolds
  5 rats
76 creatures vanquished.

Notes
Turn   | Place    | Note
-------+----------+-------------------------------------------
     0 | D:1      | Malachi the Vampire Monk began the quest for the Orb.
     0 | D:1      | Reached XP level 1. HP: 17/17 MP: 1/1
   134 | D:1      | Reached XP level 2. HP: 16/18 MP: 2/2
   815 | D:1      | Gained mutation: You are afflicted with vampirism and can
                  | become a bat while bloodless. [Vampire growth]
   815 | D:1      | Reached XP level 3. HP: 7/23 MP: 3/3
  1719 | D:2      | HP: 1/23 [adder (3)]
  1723 | D:2      | Reached XP level 4. HP: 5/28 MP: 4/4
  2198 | D:2      | Noticed Jessica
  2199 | D:2      | Found a shimmering altar of Xom.
  2211 | D:2      | Killed Jessica
  2212 | D:2      | Reached skill level 4 in Stealth
  2624 | D:2      | Reached skill level 5 in Unarmed Combat
  2624 | D:2      | Reached XP level 5. HP: 20/32 MP: 5/5
  2840 | D:2      | Found a faded altar of an unknown god.
  2902 | D:2      | Became a worshipper of Fedhas Madash
  2902 | D:2      | Reached * piety under Fedhas
  2902 | D:2      | Reached ** piety under Fedhas
  3324 | D:3      | Found Mohaschyr's Antique Armour Shoppe.
  3338 | D:3      | Found an ornate altar of the Wu Jian Council.
  4312 | D:4      | Reached *** piety under Fedhas
  4602 | D:4      | Found a bloodstained altar of Trog.
  4931 | D:5      | Entered Level 5 of the Dungeon
  4975 | D:5      | Reached skill level 1 in Armour
  4996 | D:5      | Reached skill level 5 in Stealth
  4996 | D:5      | Noticed an ogre
  5175 | D:5      | Killed an ogre
  5176 | D:5      | Reached XP level 6. HP: 32/37 MP: 6/6
  5333 | D:5      | Reached skill level 6 in Stealth
  5342 | D:5      | HP: 1/37 [killer bee zombie (5)]
  5342 | D:5      | Slain by a killer bee zombie

Illustrated notes

Levels and vault maps discovered:
D:1:      lightli_arrival_lavapool, layout_rooms, minmay_indecisive_spiral
D:2:      layout_basic, basic_altar, hellmonk_ecumenical_altar_prayer_group,
          minmay_hedge_maze, corner_web_ring, st_stairs_11, uniq_jessica
D:3:      layout_basic, nzn_wu_jian_contemplation, serial_shops,
          nicolae_diamond_shop
D:4:      layout_layer_cave, nicolae_overflow_hidden_temple, kennysheep_doodads
D:5:      layout_loops_ring, nemelex_xobeh_ov_fountains_minmay,
          gammafunk_ghost_smash, uniq_blork_the_orc, uniq_sigmund

Skill      XL: |  1  2  3  4  5  6 |
---------------+-------------------+-----
Fighting       | 3 |  3.3
Unarmed Combat | 4 5 |  5.8
Stealth        | 4 5 6 |  6.0
Armour         | 1 |  1.6
Dodging        | 4 |  4.0

Action                   |  1- 3 |  4- 6 || total
-------------------------+-------+-------++-------
Melee: Unarmed           |   143 |   144 ||   287
       Bite              |    20 |    14 ||    34
       Punch             |     4 |     3 ||     7
Invok: Wall of Briars    |       |     1 ||     1
 Abil: Exsanguinate      |     1 |       ||     1
  Use: Scroll            |       |     4 ||     4
       Potion            |       |     3 ||     3
 Stab: Sleeping          |     7 |    12 ||    19
       Distracted        |       |     1 ||     1
Armor: Robe              |    24 |     1 ||    25
       Leather armour    |       |    16 ||    16
Dodge: Dodged            |    92 |    71 ||   163
